 Dungeon Crawl Stone Soup version 0.32-a0-886-g41c5271027 (webtiles) character file.

Game seed: 8810057106246808634

1166 BMASTER576 the Magician (level 8, 0/5 HPs)
             Began as a Djinni Air Elementalist on Mar 27, 2024.
             Was an Initiate of Yredelemnul.
             Slain by Maggie
             ... wielding a +0 morningstar of pain
              (5 damage)
             ... on level 6 of the Dungeon on Apr 2, 2024.
             The game lasted 00:54:52 (3728 turns).

BMASTER576 the Magician (Djinni Air Elementalist)   Turns: 3728, Time: 00:54:53

Health: 0/5        AC:  7    Str:  7    XL:     8   Next: 67%
Gold:   101        EV:  9    Int: 19    God:    Yredelemnul [......] SH:  4 Dex: 14

rFire   + + +        z - +2 falchion (protect)
rCold   x . .        D - +0 buckler
rNeg    + + +        v - +0 ring mail {rPois}
rPois   ∞            r - +0 helmet
rElec   .            (no cloak)
rCorr   .            (no gloves)
SInv    .            (boots unavailable)
Will    +....        b - amulet of regeneration
Stlth   ++           c - ring of fire
HPRegen 1.00/turn    (no ring)
MPRegen 0.00/turn

%: infuse magic (-1 HP)
@: death-form, flying, wreathed by umbra
A: vile attack, torment immunity, no potions, flying, reduced hp, sickness
immunity, fire resistance 2, cold vulnerability 1, float, innate caster, HP
casting, extra vitality 1
a: Siphon Essence, Begin Untransformation, Renounce Religion, Light the Black
Torch, Recall Undead Harvest


You were on level 6 of the Dungeon.
You worshipped Yredelemnul.
Yredelemnul was noncommittal.
You were an undying horror.
You visited 2 branches of the dungeon, and saw 7 of its levels.

You collected 301 gold pieces.
You spent 200 gold pieces at shops.

Inventory:

Hand Weapons
 f - a +0 war axe
 g - a +1 short sword of venom
 q - a +2 mace of holy wrath
 t - a +0 rapier
 y - a +0 flail of protection
 z - a +2 falchion of protection (weapon)
 C - a +1 dagger of venom
 E - a +0 orcbow
 H - a +1 flail of protection
 U - a +0 whip of pain
Missiles
 l - 12 poisoned darts
 o - 42 stones
 M - a throwing net (quivered)
Armour
 a - a +0 robe
 m - a +0 leather armour
 r - a +0 helmet (worn)
 v - a +0 ring mail of poison resistance (worn)
 w - a +0 scale mail
 x - a +0 chain mail
 D - a +0 buckler (worn)
 J - the +0 leather armour of Dice, Bag, and Bottle {Fly Int+6 Dex-2}
   (You found it on level 4 of the Dungeon)

   Int+6:     It affects your intelligence (+6).
   Dex-2:     It affects your dexterity (-2).
   Fly:       It grants you flight.
Jewellery
 b - an amulet of regeneration (around neck)
 c - a ring of fire (left hand)
 h - an amulet of the acrobat
Talismans
 N - a flux talisman
 R - a serpent talisman
 V - a talisman of death (active)
Wands
 k - a wand of flame (16)
 u - a wand of mindburst (12)
Scrolls
 i - a scroll of fear {unknown}
 j - a scroll of vulnerability {unknown}
 p - a scroll of summoning
 s - a scroll of amnesia
 A - 2 scrolls of fog
 G - 3 scrolls of identify
 I - 2 scrolls of blinking
 O - a scroll of teleportation
Potions
 d - 2 potions of attraction {unknown}
 e - a potion of degeneration
 n - a potion of brilliance
 B - a potion of cancellation {unknown}
 F - a potion of enlightenment {unknown}
 K - a potion of haste {unknown}
 L - a potion of might {unknown}
 P - a potion of lignification
 Q - a potion of berserk rage
 S - a potion of heal wounds
 T - 2 potions of curing


   Skills:
 + Level 2.9 Fighting
 + Level 2.4 Short Blades
 - Level 0.1 Axes
 + Level 4.4 Armour
 + Level 4.8 Dodging
 + Level 2.5 Stealth
 + Level 1.9 Shields
 * Level 5.0 Spellcasting
 * Level 5.0 Conjurations
 * Level 5.0 Hexes
 * Level 5.0 Summonings
 * Level 5.0 Necromancy
 * Level 5.0 Translocations
 * Level 5.0 Fire Magic
 * Level 5.0 Ice Magic
 * Level 5.0 Air Magic
 * Level 5.0 Earth Magic
 * Level 5.0 Alchemy


You knew the following spells:

 Your Spells              Type           Power      Damage    Failure   Level
a - Shock                 Conj/Air       92%        1d8       9%          1
b - Static Discharge      Conj/Air       46%        3-5/arc   12%         2
c - Swiftness             Air            23%        N/A       24%         3
d - Airstrike             Air            11%        2d(2-18)  63%         4
e - Foxfire               Conj/Fire      100%       2x1d9     9%          1
f - Scorch                Fire           70%        2d7       12%         2
g - Jinxbite              Hex            46%        N/A       12%         2
Your spell library was empty.

Dungeon Overview and Level Annotations

Branches:
Dungeon (6/15)             Temple (1/1) D:5

Altars:
Ashenzari
Cheibriados
Dithmenos
Elyvilon
Fedhas
Gozag
Hepliaklqana
Makhleb
Nemelex Xobeh
Qazlal
Ru
Uskayaw
Wu Jian
Xom
Yredelemnul

Shops:
D:4 *   D:5 !

Annotations:
D:6 Maggie


Innate Abilities, Weirdness & Mutations

You are an undying horror.
Your melee and unarmed attacks drain, slow and weaken victims.
You are immune to unholy pain and torment.
You cannot drink.
You are flying.
Your maximum health is decreased, since you lack skill for your form.
You are immune to sickness and miasma.
You are immune to poison.
Your flesh is very heat resistant. (rF++)
You are vulnerable to cold. (rC-)
You float through the air rather than walking.
You learn spells naturally, not from books.
Your magical power is your life essence.
You have superior vitality. (+4 MHP)


Message History

The orc priest closely misses you.
You closely miss the orc priest.
The orc priest is almost dead.
The orc priest hits you but does no damage. x2
You hit the orc priest.
You kill the orc priest!
Their soul becomes fuel for the torch.
Your Spellcasting skill increases to level 5!
Your Conjurations skill increases to level 5!
Your Hexes skill increases to level 5!
Your Summonings skill increases to level 5!
Your Necromancy skill increases to level 5!
Your Translocations skill increases to level 5!
Your Fire Magic skill increases to level 5!
Your Ice Magic skill increases to level 5!
Your Air Magic skill increases to level 5!
Your Earth Magic skill increases to level 5!
Your Alchemy skill increases to level 5!
Things that are here:
a +0 whip; a +0 club; a +0 leather armour HP restored.
T - 2 potions of curing (gained 1) Maggie the Vainglorious comes into view.
She is wielding a +0 morningstar of pain.
You swap places.
You swap places.
Maggie is nearby!
You begin transforming.
You continue transforming.
Maggie points at you and mumbles some strange words.
The bolt of fire hits you. You resist.
The bolt of fire hits your adder zombie!!
Your adder zombie is destroyed!
You continue transforming. x2
Your flesh twists and warps into a mockery of life!
Maggie gestures at you while chanting.
The bolt of fire hits you but does no damage.
You resist.
Maggie hits you with a +0 morningstar of pain.
Ouch! That really hurt!
You die...
You join the legions of the undead harvest.

####.## #.# #.# #.# #
##########.# ##.
#.......##.# .#...
#.#####.##.#
......####.##.......#
......@z..)...##.####
......####.#####.#
.#... #.....).# ..#.
######### ... .. .


You could see Maggie.

Vanquished Creatures
  The ghost of SpaceCowgir3 the Shooter, an amateur MiHu (D:3)
  Edmund (D:5)
  A water moccasin (D:5)
  Duvessa (D:4)
  Dowan (D:4)
  3 bombardier beetles
  4 orc priests
  Ijyb (D:3)
  An iguana (D:5)
  3 orc wizards
  Robin (D:2)
  3 gnolls (D:5)
  6 adders
  4 dart slugs
  3 ribbon worms
  24 orcs
  5 ball pythons
  7 endoplasms
  5 giant cockroaches
  18 goblins
  7 hobgoblins
  9 jackals
  10 kobolds
  3 quokkas (D:4)
  6 bats
  6 frilled lizards
  7 rats
141 creatures vanquished.

Vanquished Creatures (collateral kills)
  An orc wizard (D:5)
  An orc (D:6)
2 creatures vanquished.

Vanquished Creatures (others)
  A scorpion (D:4)
  An adder zombie (D:6)
  An orc zombie (D:5)
  12 foxfires
15 creatures vanquished.

Grand Total: 158 creatures vanquished

Notes
Turn   | Place    | Note
-------+----------+-------------------------------------------
     0 | D:1      | BMASTER576 the Djinni Air Elementalist began the quest for
                  | the Orb.
     0 | D:1      | BMASTER576 set off with the following spells memorised:
                  | Shock, Static Discharge, Swiftness, Airstrike.
     0 | D:1      | Reached XP level 1. HP: 15/15 MP: 0/0
    84 | D:1      | Reached XP level 2. HP: 21/21 MP: 0/0
   142 | D:1      | Reached XP level 3. HP: 23/25 MP: 0/0
   142 | D:1      | Learned a level 1 spell: Foxfire
   526 | D:2      | Reached XP level 4. HP: 31/31 MP: 0/0
   704 | D:2      | Found an opulent altar of Gozag.
   741 | D:2      | Reached skill level 1 in Short Blades
   798 | D:2      | Noticed Robin
   804 | D:2      | Killed Robin
   953 | D:2      | Reached XP level 5. HP: 36/36 MP: 0/0
   953 | D:2      | Learned a level 2 spell: Scorch
  1240 | D:3      | Noticed Ijyb
  1275 | D:3      | Killed Ijyb
  1317 | D:3      | Found a runed translucent door.
  1321 | D:3      | Noticed SpaceCowgir3's ghost (amateur MiHu)
  1393 | D:3      | Killed SpaceCowgir3's ghost
  1394 | D:3      | Reached skill level 1 in Fighting
  1394 | D:3      | Reached skill level 1 in Armour
  1394 | D:3      | Reached XP level 6. HP: 38/42 MP: 0/0
  1625 | D:3      | Found a white marble altar of Elyvilon.
  2140 | D:4      | Reached XP level 7. HP: 47/47 MP: 0/0
  2140 | D:4      | Learned a level 2 spell: Jinxbite
  2170 | D:4      | Found Rixerao's General Store.
  2171 | D:4      | Noticed Duvessa
  2171 | D:4      | Noticed Dowan
  2228 | D:4      | Killed Duvessa
  2237 | D:4      | Killed Dowan
  2259 | D:4      | Bought a scroll of summoning for 104 gold pieces
  2510 | D:4      | Reached skill level 1 in Shields
  2703 | D:4      | Identified the +0 leather armour of Dice, Bag, and Bottle
                  | {Fly Int+6 Dex-2}
  2781 | D:4      | Reached XP level 8. HP: 54/54 MP: 0/0
  2930 | D:5      | Entered Level 5 of the Dungeon
  3098 | D:5      | Found a shadowy altar of Dithmenos.
  3099 | D:5      | Noticed Edmund
  3127 | D:5      | Killed Edmund
  3128 | D:5      | HP: 1/55 [iguana (6)]
  3224 | D:5      | Found a staircase to the Ecumenical Temple.
  3239 | Temple   | Entered the Ecumenical Temple
  3338 | Temple   | Became a worshipper of Yredelemnul the Fallen
  3444 | D:5      | Found Guac's Distillery.
  3511 | D:5      | Bought a potion of heal wounds for 60 gold pieces
  3511 | D:5      | Bought a potion of curing for 36 gold pieces
  3640 | D:6      | Upgraded the game from 0.32-a0-859-gb0a091d592 to
                  | 0.32-a0-886-g41c5271027
  3700 | D:6      | Reached skill level 5 in Spellcasting
  3700 | D:6      | Reached skill level 5 in Conjurations
  3700 | D:6      | Reached skill level 5 in Hexes
  3700 | D:6      | Reached skill level 5 in Summonings
  3700 | D:6      | Reached skill level 5 in Necromancy
  3700 | D:6      | Reached skill level 5 in Translocations
  3700 | D:6      | Reached skill level 5 in Fire Magic
  3700 | D:6      | Reached skill level 5 in Ice Magic
  3700 | D:6      | Reached skill level 5 in Air Magic
  3700 | D:6      | Reached skill level 5 in Earth Magic
  3700 | D:6      | Reached skill level 5 in Alchemy
  3720 | D:6      | Noticed Maggie
  3728 | D:6      | Slain by Maggie

Illustrated notes

Levels and vault maps discovered:
D:1:      dpeg_arrival_shelter, layout_basic
D:2:      wander_river, layout_loops_ring, basic_altar, minmay_strange_pillars,
          uniq_robin
D:3:      layout_loops_cross, elyvilon_altar_3, hellmonk_ghost_happy_afterlife,
          uniq_ijyb
D:4:      minmay_spotlight, layout_loops_ring, serial_shops,
          nicolae_stop_n_shop_1, uniq_duvessa
D:5:      layout_rooms, mainiacjoe_overflow_small_starburst, temple_green,
          serial_shops, shop, uniq_edmund
D:6:      layout_loops_cross, uniq_maggie, uniq_eustachio
Temple:   compressed_dpeg_triangle_lava_temple

Skill      XL: |  1  2  3  4  5  6  7  8 |
---------------+-------------------------+-----
Dodging        | 3 4 |  4.8
Stealth        | 2 |  2.5
Short Blades   | 1 2 |  2.4
Fighting       | 1 2 |  2.9
Armour         | 1 2 3 4 |  4.4
Spellcasting   | 4 5 |  5.0
Conjurations   | 4 5 |  5.0
Hexes          | 4 5 |  5.0
Summonings     | 4 5 |  5.0
Necromancy     | 4 5 |  5.0
Translocations | 4 5 |  5.0
Fire Magic     | 4 5 |  5.0
Ice Magic      | 4 5 |  5.0
Air Magic      | 4 5 |  5.0
Earth Magic    | 4 5 |  5.0
Alchemy        | 4 5 |  5.0
Shields        | 1 |  1.9
Axes           | |  0.1

Action                     |  1- 3 |  4- 6 |  7- 9 || total
---------------------------+-------+-------+-------++-------
  Melee: Unarmed           |     4 |       |       ||     4
         Punch             |     1 |       |       ||     1
         Short sword       |    29 |   106 |       ||   135
         War axe           |     3 |       |       ||     3
         Falchion          |       |    35 |   203 ||   238
  Throw: Throwing net      |       |       |     1 ||     1
   Cast: Shock             |    40 |    67 |    46 ||   153
         Static Discharge  |     2 |       |     1 ||     3
         Foxfire           |     2 |     2 |     6 ||    10
         Scorch            |       |     1 |    16 ||    17
         Jinxbite          |       |       |     1 ||     1
 Invoke: Light the Black T |       |       |     2 ||     2
    Use: Scroll            |     1 |     5 |     2 ||     8
         Potion            |       |     4 |     5 ||     9
   Stab: Sleeping          |     1 |       |       ||     1
 Armour: Robe              |    29 |       |       ||    29
         Leather armour    |       |    36 |       ||    36
         Ring mail         |       |    93 |   234 ||   327
         Skin              |       |       |    70 ||    70
  Dodge: Dodged            |    36 |    59 |   130 ||   225
  Block: Buckler           |       |     1 |    52 ||    53
   Form: Death             |       |       |     1 ||     1

Table legend: (Time is in decaauts)
 A = Elapsed time spent in this place.
 B = Non-inter-level travel time spent in this place.
 C = Inter-level travel time spent in this place.
 D = Time resting spent in this place.
 E = Time spent auto-exploring this place.
 F = Levels seen in this place.
 G = Mean time per level.
                   A        B        C        D        E       F      G
               +--------+--------+--------+--------+--------+-----+--------+
         Total |   3800 |   3055 |    745 |      0 |   1845 |   7 |  542.9 |
       Dungeon |   3678 |   3028 |    650 |      0 |   1824 |   6 |  613.0 |
        Temple |    121 |     26 |     95 |      0 |     21 |   1 |  121.0 |
               +--------+--------+--------+--------+--------+-----+--------+

Top non-repeatable levels by time:
     D:4: 960 daAuts
     D:3: 824 daAuts
     D:2: 713 daAuts
     D:5: 602 daAuts
     D:1: 476 daAuts
  Temple: 121 daAuts
     D:6: 100 daAuts
